 Dungeon Crawl Stone Soup version 0.29.0-4-gdea44cf6ec (webtiles) character file.

Game seed: 16117307687478610931

527 Sabo the Covered (level 7, 0/55 HPs)
             Began as a Formicid Fighter on Aug 27, 2022.
             Was a Priest of Cheibriados.
             Slain by a lemure (1 damage)
             ... led by Pikel
             ... on level 5 of the Dungeon.
             The game lasted 00:24:56 (5590 turns).

Sabo the Covered (Formicid Fighter)                 Turns: 5590, Time: 00:24:58

Health: 0/55       AC:  9    Str: 31    XL:     7   Next: 47%
Magic:  7/7        EV: 10    Int: 15    God:    Cheibriados [***...]
Gold:   275        SH:  6    Dex: 21    Spells: 6/6 levels left

rFire   . . .      SeeInvis +   p - +3 flail (drain)
rCold   . . .      Faith    .   c - +0 buckler
rNeg    . . .      Spirit   .   q - +0 chain mail
rPois   .          Reflect  .   (helmet unavailable)
rElec   .          Harm     .   (no cloak)
rCorr   .          Rampage  .   (no gloves)
Will    .....                   (no boots)
Stlth   ..........              (no amulet)
HPRegen 0.18/turn               (no ring)
MPRegen 0.10/turn               (no ring)

@: very slow
A: permanent stasis, dig shafts and tunnels, antennae 3, four strong arms
a: Dig, Shaft Self, Renounce Religion, Bend Time, Temporal Distortion


You were on level 5 of the Dungeon.
You worshipped Cheibriados.
Cheibriados was most pleased with you.
You visited 1 branch of the dungeon, and saw 5 of its levels.
You also visited: Sewer.

You collected 275 gold pieces.

Inventory:

Hand Weapons
 a - a +0 war axe
 k - a +0 sling
 p - a +3 flail of draining (weapon)
Missiles
 b - 2 throwing nets
 e - 2 boomerangs
 i - 6 javelins (quivered)
Armour
 c - a +0 buckler (worn)
 q - a +0 chain mail (worn)
Scrolls
 f - a scroll of enchant armour {unknown}
Potions
 d - a potion of might
 g - 2 potions of heal wounds {unknown}
 h - a potion of degeneration {unknown}
 j - 2 potions of resistance {unknown}
 l - a potion of curing {unknown}
 m - a potion of invisibility {unknown}
 n - a potion of flight {unknown}
 o - 2 potions of lignification


   Skills:
 + Level 4.6 Fighting
 + Level 4.5(4.6) Axes
 + Level 1.2(3.1) Maces & Flails
 + Level 5.2 Armour
 + Level 2.1 Dodging
 + Level 0.9 Stealth
 + Level 4.8 Shields


You had 6 spell levels left.
You didn't know any spells.
Your spell library contained the following spells:

 Spells                   Type           Power      Damage    Failure   Level
 Magic Dart               Conj           0%         1d3       83%         1
 Summon Small Mammal      Summ           0%         N/A       83%         1
 Call Imp                 Summ           0%         N/A       92%         2
 Ensorcelled Hibernation  Hex/Ice        0%         N/A       92%         2
 Call Canine Familiar     Summ           0%         N/A       99%         3
 Dazzling Flash           Conj/Hex       0%         N/A       99%         3
 Mephitic Cloud           Conj/Pois/Air  0%         N/A       99%         3
 Ozocubu's Armour         Ice            0%         N/A       99%         3
 Spider Form              Tmut/Pois      0%         N/A       99%         3
 Summon Guardian Golem    Hex/Summ       0%         N/A       99%         3
 Anguish                  Hex/Necr       0%         N/A       100%        4
 Iskenderun's Mystic Bla  Conj/Tloc      0%         2d3       100%        4
 Metabolic Englaciation   Hex/Ice        0%         N/A       100%        5
 Simulacrum               Ice/Necr       0%         N/A       100%        6
 Starburst                Conj/Fire      0%         6d3       100%        6


Dungeon Overview and Level Annotations

Branches:
Dungeon (5/15)              Sewer (visited)
 Temple: D:4-7

Altars:
Cheibriados
Okawaru
Uskayaw
Xom
The Shining One

Shops:
D:1 *   D:5 (

Annotations:
D:5 Pikel


Innate Abilities, Weirdness & Mutations

You cannot be hasted, slowed, berserked, paralysed or teleported.
You can dig through walls and to a lower floor.
You have a pair of large antennae on your head. (SInv)
Your four strong arms can wield two-handed weapons with a shield.


Message History

The lemure hits you but does no damage. x2
You closely miss the lemure. The lemure hits you.
You block the lemure's attack.
You sock Pikel! You drain Pikel.
Pikel is moderately wounded.
The lemure hits you. You block the lemure's attack.
You hit Pikel. You drain Pikel.
Pikel is heavily wounded.
The lemure hits you. The lemure hits you but does no damage.
You block Pikel's attack.
You barely miss Pikel.
Pikel is heavily wounded.
Pikel hits you with a +0 whip of freezing.
Pikel freezes you. The lemure barely misses you. You block the lemure's attack.
The lemure barely misses you. You block the lemure's attack.
The lemure barely misses you. You block Pikel's attack.
You sock Pikel!
Pikel is almost dead.
The lemure hits you. You block the lemure's attack.
The lemure hits you but does no damage.
Pikel hits you with a +0 whip of freezing.
Pikel freezes you.
You closely miss Pikel.
Pikel is almost dead.
The lemure hits you! The lemure hits you.
The lemure hits you but does no damage. You block Pikel's attack.
You barely miss Pikel.
Pikel is almost dead.
You block the lemure's attack. The lemure hits you but does no damage.
Pikel hits you with a +0 whip of freezing.
* * * LOW HITPOINT WARNING * * *
Pikel freezes you.
* * * LOW HITPOINT WARNING * * *
The lemure hits you.
* * * LOW HITPOINT WARNING * * *
The lemure hits you.
* * * LOW HITPOINT WARNING * * *
Pikel barely misses you. The lemure hits you but does no damage.
The lemure hits you.
You die...

...8.>†∩.<.8.....#..#
.................#..#
.....8.#.8.......#..#
.......#.........#..#
########....##..##..#
#....##..##..#
#.....W..#...#
#....555.#...#
#...5K@..#...#
##..###.####'#
#..###.###..#
.....#..'....#
.K....#..#....#
........+..#....#
........#..#....#
.####..##..#....#
#..##...#


You could see Pikel (drained), 4 lemures and a phantom.

Vanquished Creatures
  Edmund (D:4)
  Pargi (Sewer)
  A scorpion (D:4)
  A hound (D:5)
  An orc priest (D:3)
  An iguana (D:4)
  2 orc wizards (D:4)
  5 adders (D:4)
  A worm (D:3)
  A dart slug (D:4)
  7 orcs
  6 bats
  2 endoplasms (D:1)
  6 giant cockroaches
  6 goblins
  4 hobgoblins
  5 jackals
  8 quokkas
  9 ball pythons
  8 frilled lizards
  2 kobolds (D:2)
  2 rats
80 creatures vanquished.

Vanquished Creatures (others)
  3 plants (D:4)
3 creatures vanquished.

Grand Total: 83 creatures vanquished

Notes
Turn   | Place    | Note
-------+----------+-------------------------------------------
     0 | D:1      | Sabo the Formicid Fighter began the quest for the Orb.
     0 | D:1      | Reached XP level 1. HP: 18/18 MP: 1/1
   183 | D:1      | Found Rapheroj's Assorted Antiques.
   287 | D:1      | Reached XP level 2. HP: 19/24 MP: 2/2
  1037 | D:1      | Reached XP level 3. HP: 29/29 MP: 3/3
  1075 | D:1      | Found a faded altar of an unknown god.
  1104 | D:1      | Prayed at the altar of an unknown god.
  1104 | D:1      | Became a worshipper of Cheibriados the Contemplative
  1104 | D:1      | Reached * piety under Cheibriados
  1990 | D:2      | Reached ** piety under Cheibriados
  2626 | D:3      | Found an iron altar of Okawaru.
  2626 | D:3      | Found a shimmering altar of Xom.
  2636 | D:3      | Reached XP level 4. HP: 37/37 MP: 4/4
  2795 | D:3      | Reached skill level 4 in Armour
  3250 | D:3      | Found a glowing golden altar of the Shining One.
  3545 | D:4      | Found a glowing drain.
  3583 | D:4      | Reached XP level 5. HP: 38/42 MP: 5/5
  3593 | Sewer    | Entered a sewer
  3699 | Sewer    | Noticed Pargi
  3718 | Sewer    | Killed Pargi
  3719 | Sewer    | Reached skill level 1 in Dodging
  3719 | Sewer    | Reached XP level 6. HP: 28/48 MP: 6/6
  3993 | D:4      | Noticed Edmund
  4004 | D:4      | Killed Edmund
  4289 | D:4      | Reached skill level 5 in Armour
  4289 | D:4      | Reached XP level 7. HP: 37/55 MP: 7/7
  4392 | D:4      | Found a hide-covered altar of Uskayaw.
  4407 | D:4      | Reached *** piety under Cheibriados
  4961 | D:4      | Reached skill level 1 in Maces & Flails
  5509 | D:5      | Entered Level 5 of the Dungeon
  5509 | D:5      | Found Beruj's Weapon Shoppe.
  5578 | D:5      | Noticed Pikel
  5590 | D:5      | HP: 1/55 [lemure[Pikel] (6)]
  5590 | D:5      | Slain by a lemure

Illustrated notes

Levels and vault maps discovered:
D:1:      sevenhm_arrival_forest_fort_large_2, layout_basic,
          shapermc_ecumenical_altar_notcrosses, serial_shops, shop
D:2:      layout_loops_corners, moated_statue
D:3:      layout_basic, tso_metal_star, mainiacjoe_overflow_large_starburst,
          dreamdust_princess_corridor
D:4:      nicolae_cairo_tiling, layout_loops_ring,
          mainiacjoe_overflow_boulevard, gup_sewer_entry_glass, uniq_edmund
D:5:      layout_gridville, serial_shops, shop, nicolae_shop_window_shopping,
          nicolae_lakefront_shop, nicolae_stop_n_shop_2, hangedman_decor_lopped,
          supply_closet_lemuel, uniq_pikel

Skill      XL: |  1  2  3  4  5  6  7 |
---------------+----------------------+-----
Axes           | 3 4 |  4.5
Armour         | 4 5 |  5.2
Fighting       | 4 |  4.6
Dodging        | 1 2 |  2.1
Maces & Flails | 1 |  1.2
Stealth        | |  0.9
Shields        | |  4.8

Action                   |  1- 3 |  4- 6 |  7- 9 || total
-------------------------+-------+-------+-------++-------
Melee: War axe           |   110 |    78 |       ||   188
       Flail             |       |     5 |    49 ||    54
  Use: Scroll            |     2 |     2 |       ||     4
       Potion            |       |       |     1 ||     1
Armor: Scale mail        |    62 |    70 |     6 ||   138
       Chain mail        |       |       |    11 ||    11
Dodge: Dodged            |    52 |    85 |    25 ||   162
Block: Buckler           |    28 |    33 |    17 ||    78
